 Dungeon Crawl Stone Soup version 0.28.0-53-g5a82cb258f (webtiles) character file.

Game seed: 3606837788312447245

96 Stomo the Skirmisher (level 4, 0/50 HPs)
             Began as an Ogre Berserker on July 15, 2022.
             Was a Believer of Trog.
             Slain by Sigmund
             ... wielding a +0 scythe
              (10 damage)
             ... on level 3 of the Dungeon.
             The game lasted 00:02:46 (2764 turns).

Stomo the Skirmisher (Ogre Berserker)               Turns: 2764, Time: 00:02:47

Health: 0/50       AC:  3    Str: 23    XL:     4   Next: 67%
Magic:  4/4        EV: 10    Int:  8    God:    Trog [**....]
Gold:   161        SH:  0    Dex:  8    Spells: 3/3 levels left

rFire   . . .      SeeInvis .   a - +0 mace
rCold   . . .      Faith    .   (no shield)
rNeg    + . .      Spirit   .   b - +0 animal skin
rPois   .          Reflect  .   (helmet restricted)
rElec   .          Harm     .   (no cloak)
rCorr   .          Rampage  .   (gloves unavailable)
Will    ++...                   (boots unavailable)
Stlth   +.........              (no amulet)
HPRegen 1.16/turn               j - ring of positive energy
MPRegen 0.09/turn               (no ring)

@: strong-willed, on berserk cooldown, regenerating, slowed, very slow
A: large, unfitting armour, tough skin 1
a: Renounce Religion, Berserk, Trog's Hand


You were on level 3 of the Dungeon.
You worshipped Trog.
Trog was pleased with you.
You visited 1 branch of the dungeon, and saw 3 of its levels.

You collected 161 gold pieces.

Inventory:

Hand Weapons
 a - a +0 mace (weapon)
Armour
 b - a +0 animal skin (worn)
Jewellery
 j - a ring of positive energy (left hand)
Wands
 i - a wand of flame (15)
Scrolls
 d - a scroll of amnesia
Potions
 c - 2 potions of ambrosia
 e - a potion of flight {unknown}
 f - 2 potions of brilliance
 g - a potion of lignification {unknown}


   Skills:
 + Level 5.1 Fighting
 + Level 3.5 Maces & Flails
 + Level 3.5 Dodging


You had 3 spell levels left.
You didn't know any spells.
Your spell library was empty.

Dungeon Overview and Level Annotations

Branches:
Dungeon (3/15)

Altars:
Hepliaklqana

Annotations:
D:3 1 runed translucent door, Crazy Yiuf, Sigmund


Innate Abilities, Weirdness & Mutations

You are too large for most types of armour.
You have tough skin. (AC +1)


Message History

You sock Sigmund!
Sigmund is moderately wounded.
Sigmund gestures at you while chanting. The magic dart hits you!
You sock Sigmund!
Sigmund is severely wounded.
Sigmund barely misses you.
You barely miss Sigmund.
Sigmund is severely wounded.
You barely miss Sigmund.
Sigmund is severely wounded.
Sigmund hits you with a +0 scythe.
You barely miss Sigmund.
Sigmund is severely wounded.
Sigmund points at you and mumbles some strange words.
You are confused.
You bump into the rock wall.
You feel a strong urge to attack something.
You are no longer berserk.
You are exhausted.
You feel yourself slow down.
Sigmund hits you from afar with a +0 scythe!
Sigmund hits you but does no damage.
You bump into the rock wall.
Sigmund casts a spell.
Sigmund flickers and vanishes!
Deactivating autopickup; reactivate with Ctrl-A.
You barely miss something.
You feel less confused.
You hear some strange, mumbled words.
Something tries to affect you, but you resist.
Something hits you!
You barely miss something. Something hits you!
* * * LOW HITPOINT WARNING * * *
You miss something. Something hits you.
* * * LOW HITPOINT WARNING * * *
Your skin crawls.
You feel strong-willed. Something hits you!
You die...

#...>........
#.........###
#.........# ##.........#
##..........###
####..#####..##...
#######....#######......
........................
.......@.)###########...
......{##.<# ####
....... ##(# ....... #[#
....... #.# #...... #.#
#....## ... #.#.. ...##
...##


There were no monsters in sight!

Vanquished Creatures
  An orc wizard (D:3)
  2 adders (D:2)
  4 orcs (D:3)
  7 ball pythons
  2 bats
  6 endoplasms
  2 giant cockroaches (D:1)
  2 goblins
  3 hobgoblins (D:2)
  5 kobolds (D:1)
  2 quokkas
  3 frilled lizards
  10 rats
49 creatures vanquished.

Notes
Turn   | Place    | Note
-------+----------+-------------------------------------------
     0 | D:1      | Stomo the Ogre Berserker began the quest for the Orb.
     0 | D:1      | Reached XP level 1. HP: 24/24 MP: 1/1
   254 | D:1      | Reached XP level 2. HP: 30/32 MP: 2/2
  1276 | D:2      | Reached XP level 3. HP: 40/40 MP: 3/3
  1498 | D:2      | Reached ** piety under Trog
  1525 | D:2      | Found a faded altar of an unknown god.
  1935 | D:2      | Reached XP level 4. HP: 49/49 MP: 4/4
  2174 | D:2      | Found a hazy altar of Hepliaklqana.
  2272 | D:3      | Reached skill level 5 in Fighting
  2352 | D:3      | Noticed Sigmund
  2696 | D:3      | Found a runed translucent door.
  2697 | D:3      | Noticed Crazy Yiuf
  2764 | D:3      | Slain by Sigmund

Illustrated notes

Levels and vault maps discovered:
D:1:      ncdulo_lavacross, layout_loops_ring
D:2:      layout_basic, basic_ecumenical_altar, serial_curves, eino_curves_02,
          eino_curves_01, eino_curves_04, eino_curves_02, basic_altar,
          dk_noncrumbling_4
D:3:      layout_rooms, mainiacjoe_overflow_alcove_2, old_standard_altar,
          serial_glass, glass_columns_a, glass_columns_c, item_on_display_a,
          due_unseen_surprise, uniq_sigmund, uniq_crazy_yiuf_cottage, uniq_ijyb

Skill      XL: |  1  2  3  4 |
---------------+-------------+-----
Dodging        | 3 |  3.5
Maces & Flails | 3 |  3.5
Fighting       | 5 |  5.1

Action                   |  1- 3 |  4- 6 || total
-------------------------+-------+-------++-------
Melee: Mace              |   118 |    36 ||   154
Invok: Berserk           |       |     2 ||     2
       Trog's Hand       |       |     1 ||     1
  Use: Scroll            |     1 |     2 ||     3
Armor: Animal skin       |    23 |     5 ||    28
Dodge: Dodged            |    74 |    11 ||    85
